 Dungeon Crawl Stone Soup version 0.28-a0-382-g33c4956463 (webtiles) character file.

Game seed: 13344755155972848939

3886 McIrco the Carver (level 10, -1/76 HPs)
             Began as a Human Fighter on Sept 2, 2021.
             Was an Initiate of Gozag.
             Slain by a troll (7 damage)
             ... on level 8 of the Dungeon.
             The game lasted 00:13:40 (11652 turns).

McIrco the Carver (Human Fighter)                  Turns: 11652, Time: 00:13:42

Health: -1/76      AC:  6    Str: 24    XL:     10   Next: 42%
Magic:  10/10      EV: 13    Int: 11    God:    Gozag
Gold:   586        SH:  5    Dex: 12    Spells: 9/9 levels left

rFire   + + .      SeeInvis .   d - +4 long sword
rCold   + . .      Faith    .   c - +0 buckler
rNeg    + + .      Spirit   .   q - +1 leather armour "Zeycu" {rN+ rCorr Int+2}
rPois   .          Reflect  .   (no helmet)
rElec   .          Harm     .   k - scarf {rC+ rF+}
rCorr   +          Rampage  .   F - +0 pair of gloves
Will    .....                   (no boots)
Stlth   ++........              (no amulet)
HPRegen 0.22/turn               B - ring "Lugiusio" {rF+ Str+4 Slay+4}
MPRegen 0.12/turn               u - ring of positive energy

@: about to teleport, gold aura
A: no striking features
a: Renounce Religion, Potion Petition, Call Merchant, Bribe Branch


You were on level 8 of the Dungeon.
You worshipped Gozag.
Gozag was pleased with you.
You visited 2 branches of the dungeon, and saw 9 of its levels.

You collected 961 gold pieces.
You spent 285 gold pieces at shops.
You paid 90 gold pieces to Gozag.

Inventory:

Hand Weapons
 a - a +0 long sword
 d - a +4 long sword (weapon)
Missiles
 m - 3 atropa-tipped darts (quivered)
 r - 24 poisoned darts
 x - 3 boomerangs
Armour
 b - a +0 scale mail
 c - a +0 buckler (worn)
 k - a scarf of resistance (worn)
 q - the +1 leather armour "Zeycu" (worn) {rN+ rCorr Int+2}
   (You found it on level 2 of the Dungeon)

   Int:       It affects your intelligence (+2).
   rN:        It protects you from negative energy.
   rCorr:     It protects you from acid and corrosion.
 F - a +0 pair of gloves (worn)
Jewellery
 i - a ring of resist corrosion
 u - a ring of positive energy (right hand)
 B - the ring "Lugiusio" (left hand) {rF+ Str+4 Slay+4}
   (You bought it in a shop on level 3 of the Dungeon)

   [ring of slaying]

   Str:       It affects your strength (+4).
   Slay:      It affects your accuracy & damage with ranged weapons and melee
   (+4).
   rF:        It protects you from fire.
Wands
 y - a wand of iceblast (4)
 E - a wand of flame (9)
 G - a wand of mindburst (5)
Scrolls
 g - 2 scrolls of teleportation
 h - 3 scrolls of noise
 j - 11 scrolls of identify
 n - a scroll of summoning {unknown}
 o - 2 scrolls of blinking
 s - 2 scrolls of enchant weapon
 t - 3 scrolls of fear
 z - a scroll of immolation {unknown}
 C - a scroll of enchant armour {unknown}
 D - 2 scrolls of fog
Potions
 e - a potion of haste
 f - a potion of degeneration {unknown}
 l - 3 potions of curing
 p - 2 potions of mutation {unknown}
 v - a potion of berserk rage {unknown}
 w - 2 potions of flight {unknown}
 A - a potion of attraction {unknown}


   Skills:
 + Level 6.3 Fighting
 + Level 9.6 Long Blades
 + Level 0.6 Throwing
 + Level 6.2 Armour
 + Level 4.3 Dodging
 + Level 4.5 Stealth
 + Level 4.8 Shields
 + Level 1.3 Evocations


You had 9 spell levels left.
You didn't know any spells.
Your spell library contained the following spells:

 Spells                   Type           Power      Damage    Failure   Level
 Corona                   Hex            0%         N/A       36%         1
 Magic Dart               Conj           0%         1d3       36%         1
 Call Imp                 Summ           0%         N/A       52%         2
 Ensorcelled Hibernation  Hex/Ice        0%         N/A       52%         2
 Gell's Gravitas          Tloc           0%         N/A       75%         3
 Lesser Beckoning         Tloc           0%         N/A       75%         3
 Mephitic Cloud           Conj/Pois/Air  0%         N/A       75%         3
 Teleport Other           Tloc           0%         N/A       75%         3
 Tukima's Dance           Hex            0%         N/A       75%         3
 Dispersal                Tloc           0%         N/A       100%        6
 Chain Lightning          Conj/Air       0%         N/A       100%        9
 Fire Storm               Conj/Fire      0%         5d1       100%        9


Dungeon Overview and Level Annotations

Branches:
Dungeon (8/15)             Temple (1/1) D:5
   Lair: D:8-11

Altars:
Ashenzari
Cheibriados
Dithmenos
Elyvilon
Fedhas
Gozag
Hepliaklqana
Kikubaaqudgha
Makhleb
Nemelex Xobeh
Okawaru
Qazlal
Ru
Sif Muna
Trog
Uskayaw
Vehumet
Wu Jian
Xom
Yredelemnul
Zin
The Shining One
Lugonu

Shops:
D:3 *   D:5 *

Annotations:
D:2 1 runed translucent door, Crazy Yiuf


Message History

You now have 586 gold pieces (gained 17).
A troll comes into view.
The troll shouts!
You hear an angry buzzing noise.
The troll bites you! The troll barely misses you. The troll closely misses you.
You hit the troll.
The troll is lightly wounded.
The troll bites you! The troll claws you!
The troll claws you but does no damage.
A killer bee comes into view.
The killer bee buzzes angrily.
You slash the troll!
The troll is moderately wounded.
You hear an angry buzzing noise. x3
The troll closely misses you. The troll claws you. The troll claws you!
A killer bee comes into view.
You are too injured to fight recklessly!
You are too injured to fight recklessly!
You are too injured to fight recklessly!
You slash the troll!
The troll is heavily wounded.
The troll bites you!
* * * LOW HITPOINT WARNING * * *
The troll claws you.
* * * LOW HITPOINT WARNING * * *
The troll closely misses you.
Unknown command.
A killer bee comes into view.
Press: ? - help, v - describe, . - travel
Here: a troll (moderately wounded)
The floor, spattered with blood.
Okay, then.
Unknown command.
As you read the scroll of teleportation, it crumbles to dust.
You feel strangely unstable.
A killer bee comes into view.
The troll bites you!
* * * LOW HITPOINT WARNING * * *
The troll claws you!
You die...
Your body crumbles into a pile of gold.

.# ############### .#
###...#..@T.yyy.# .#
#.......#####.#.# .#
#.#...#.# .#### #.##.##.#
....# #.##.##.# .##.#
#.##..#.# .##.# #.###.#.#
.##.####.###.#.### ###
.##..............###+##..


You could see a troll and 3 killer bees.

Vanquished Creatures
  6 yaks (D:8)
  A steam dragon (D:6)
  Edmund (D:5)
  4 water moccasins
  3 orc warriors
  An ice beast (D:6)
  A sky beast (D:8)
  A black bear (D:7)
  A necrophage (D:5)
  2 ogres
  3 centaurs
  A phantom (D:4)
  Blork the orc (D:6)
  2 scorpions
  3 wyvern zombies
  A water moccasin skeleton (D:5)
  3 killer bees (D:8)
  3 wights (D:4)
  3 howler monkeys
  4 hounds
  2 centaur zombies
  A jelly (D:7)
  A gnoll shaman (D:7)
  A bullfrog skeleton (D:7)
  4 iguanas
  An orc wizard (D:6)
  A hound skeleton (D:4)
  5 adders
  An ufetubus (D:6)
  A worm (D:2)
  2 dart slugs
  7 orcs
  7 ball pythons
  5 bats
  6 endoplasms
  3 giant cockroaches
  6 hobgoblins
  3 jackals (D:1)
  4 goblins
  7 kobolds
  4 rats
117 creatures vanquished.

Notes
Turn   | Place    | Note
-------+----------+-------------------------------------------
     0 | D:1      | McIrco the Human Fighter began the quest for the Orb.
     0 | D:1      | Reached XP level 1. HP: 18/18 MP: 1/1
    77 | D:1      | Reached XP level 2. HP: 22/24 MP: 2/2
   508 | D:1      | Reached XP level 3. HP: 28/29 MP: 3/3
  1258 | D:2      | Found a faded altar of an unknown god.
  1260 | D:2      | Identified the +1 leather armour "Zeycu" {rN+ rCorr Int+2}
  2270 | D:2      | Found a runed translucent door.
  2271 | D:2      | Noticed Crazy Yiuf
  2499 | D:3      | Reached XP level 4. HP: 35/35 MP: 4/4
  2519 | D:3      | Found a broken altar of Ashenzari.
  2769 | D:3      | Found an iron altar of Okawaru.
  2831 | D:3      | Found a shimmering blue altar of Sif Muna.
  2831 | D:3      | Found a hazy altar of Hepliaklqana.
  2898 | D:3      | Found Ecwoxom's Assorted Antiques.
  2950 | D:3      | Bought a scroll labelled SAUW XEBRUUV for 27 gold pieces
  2951 | D:3      | Bought a fuming grey potion for 24 gold pieces
  2951 | D:3      | Bought a fuming grey potion for 24 gold pieces
  3429 | D:4      | Noticed an ogre
  3438 | D:3      | Killed an ogre
  3439 | D:3      | Reached skill level 3 in Long Blades
  3439 | D:3      | Reached XP level 5. HP: 13/41 MP: 5/5
  4021 | D:4      | Reached XP level 6. HP: 11/48 MP: 6/6
  4315 | D:4      | Reached skill level 4 in Long Blades
  4588 | D:4      | Found a sparkling altar of Nemelex Xobeh.
  4602 | D:4      | Reached skill level 1 in Dodging
  4602 | D:4      | Reached XP level 7. HP: 29/53 MP: 7/7
  4877 | D:3      | Bought a viscous emerald potion for 24 gold pieces
  4877 | D:3      | Bought a coppery potion for 24 gold pieces
  4877 | D:3      | Bought a scroll labelled OKLYSCH PEOPHOC for 27 gold pieces
  5032 | D:4      | Reached skill level 1 in Stealth
  5490 | D:5      | Entered Level 5 of the Dungeon
  5510 | D:5      | Found a burning altar of Makhleb.
  5532 | D:5      | Reached skill level 5 in Long Blades
  5532 | D:5      | Reached skill level 5 in Armour
  6092 | D:5      | Reached XP level 8. HP: 61/61 MP: 8/8
  6104 | D:5      | Found Qaothopu's Serpentskin Sales.
  6305 | D:5      | Found a staircase to the Ecumenical Temple.
  6391 | D:5      | Found a shadowy altar of Dithmenos.
  6462 | Temple   | Entered the Ecumenical Temple
  6511 | Temple   | Became a worshipper of Gozag Ym Sagoz the Greedy
  6591 | D:5      | Found a hide-covered altar of Uskayaw.
  6615 | D:5      | Found a white marble altar of Elyvilon.
  6682 | D:5      | Found an ornate altar of the Wu Jian Council.
  6828 | D:5      | Reached skill level 6 in Long Blades
  7091 | D:5      | Found a stormy altar of Qazlal.
  7118 | D:5      | Found a sacrificial altar of Ru.
  7473 | D:5      | Noticed Edmund
  7487 | D:5      | Killed Edmund
  7825 | D:6      | Reached skill level 5 in Fighting
  8048 | D:3      | Bought a flickering wooden ring for 135 gold pieces
  8048 | D:3      | Identified the ring "Lugiusio" {rF+ Str+4 Slay+4} (You
                  | bought it in a shop on level 3 of the Dungeon)
  8151 | D:6      | Reached skill level 7 in Long Blades
  8156 | D:6      | Reached XP level 9. HP: 45/68 MP: 9/9
  8367 | D:6      | Found a basalt altar of Yredelemnul.
  8377 | D:6      | Noticed Blork the orc
  8384 | D:6      | Killed Blork the orc
  9341 | D:7      | Reached skill level 8 in Long Blades
  9657 | D:7      | Found a radiant altar of Vehumet.
  9781 | D:7      | Identified the +1 robe "Jemox" {Slay+3}
 10831 | D:8      | Reached XP level 10. HP: 51/76 MP: 10/10
 10975 | D:8      | Reached skill level 1 in Evocations
 11210 | D:8      | Reached skill level 9 in Long Blades
 11652 | D:8      | Slain by a troll

Illustrated notes

Levels and vault maps discovered:
D:1:      erik_arrival_cave_to_civilisation [erik_arrival_cave_to_temple],
          layout_rooms, serial_rivers, chequers_serial_rivers_large_a,
          chequers_serial_rivers_small_b, chequers_serial_rivers_small_a,
          chequers_serial_rivers_room_b, chequers_serial_rivers_micro_d,
          chequers_serial_rivers_micro_b
D:2:      layout_basic, hellmonk_ecumenical_altar_lost_god,
          minmay_strange_pillars, hex_medium, uniq_crazy_yiuf_cottage
D:3:      layout_basic, old_standard_altar, mainiacjoe_overflow_divided_tiny,
          nicolae_ashenzari_panopticon, serial_shops, shop,
          hangedman_abyss_or_decor_stabs
D:4:      layout_layer_cave, nicolae_overflow_crystal_walls
D:5:      layout_basic, elyvilon_altar_5, nicolae_qazlal_scattered_showers,
          lemuel_tele_altar, nicolae_ru_the_path_less_chosen,
          grunt_temple_overflow_open, overflow_temple_1_default,
          guppyfry_shop_venom, uniq_edmund
D:6:      layout_basic, mainiacjoe_overflow_tiny_flanked, serial_park_tiny_1,
          lightli_corner_chamber, uniq_blork_the_orc
D:7:      minmay_octagon_keep, layout_rooms, nicolae_vehumet_radiance
D:8:      layout_loops_corners
Temple:   corrupted_temple

Skill      XL: |  1  2  3  4  5  6  7  8  9 10 |
---------------+-------------------------------+-----
Long Blades    | 3 4 5 7 8 9 |  9.6
Armour         | 4 5 6 |  6.2
Dodging        | 1 2 3 4 |  4.3
Fighting       | 4 5 6 |  6.3
Stealth        | 1 2 3 4 |  4.5
Shields        | 4 |  4.8
Evocations     | 1 |  1.3
Throwing       | |  0.6

Action                   |  1- 3 |  4- 6 |  7- 9 | 10-12 || total
-------------------------+-------+-------+-------+-------++-------
Melee: Long sword        |    95 |    79 |   214 |    46 ||   434
Throw: Dart              |       |     3 |       |       ||     3
Evoke: Wand              |       |       |     9 |       ||     9
  Use: Potion            |       |     6 |     4 |       ||    10
       Scroll            |       |     1 |     6 |     1 ||     8
 Stab: Distracted        |       |       |     1 |       ||     1
       Sleeping          |       |       |     5 |       ||     5
Armor: Scale mail        |    47 |    25 |       |       ||    72
       Leather armour    |       |     2 |    48 |     5 ||    55
Dodge: Dodged            |    71 |    37 |   114 |    17 ||   239
Block: Buckler           |    25 |    10 |    51 |    10 ||    96

Table legend: (Time is in decaauts)
 A = Elapsed time spent in this place.
 B = Non-inter-level travel time spent in this place.
 C = Inter-level travel time spent in this place.
 D = Time resting spent in this place.
 E = Time spent auto-exploring this place.
 F = Levels seen in this place.
 G = Mean time per level.
                   A        B        C        D        E       F      G
               +--------+--------+--------+--------+--------+-----+--------+
         Total |  11712 |  10722 |    990 |   1900 |   7663 |   9 | 1301.3 |
       Dungeon |  11649 |  10685 |    964 |   1900 |   7633 |   8 | 1456.1 |
        Temple |     62 |     37 |     25 |      0 |     30 |   1 |   62.0 |
               +--------+--------+--------+--------+--------+-----+--------+

Top non-repeatable levels by time:
     D:5: 2332 daAuts
     D:4: 1817 daAuts
     D:7: 1440 daAuts
     D:3: 1308 daAuts
     D:2: 1286 daAuts
     D:1: 1203 daAuts
     D:8: 1176 daAuts
     D:6: 1084 daAuts
  Temple: 62 daAuts
